 Dungeon Crawl Stone Soup version 0.21.1-1-g345015f (webtiles) character file.

46883 Supreme the Impaler (level 14, -1/105 HPs)
             Began as a Merfolk Ice Elementalist on Apr 2, 2018.
             Was the Champion of Okawaru (penitent).
             Slain by a sun demon (17 damage)
             ... summoned by an orc sorcerer
             ... on level 1 of the Orcish Mines on Apr 5, 2018.
             The game lasted 07:45:08 (16979 turns).

Supreme the Impaler (Merfolk Ice Elementalist)     Turns: 16979, Time: 07:45:09

Health: -1/105     AC: 12    Str: 17    XL:     14   Next: 39%
Magic:  0/29       EV: 21    Int: 18    God:    Okawaru [*]
Gold:   1435       SH:  0    Dex: 21    Spells: 7/35 levels left

rFire    . . .     SeeInvis +   a - +4 bardiche "Lelemaen" {chop, rC+ MR+ Str+3 SInv}
rCold    + . .     Gourm    .   (shield currently unavailable)
rNeg     + . .     Faith    .   D - +1 robe "Weazxiur" {rElec rN+ Str+2 Dex+2}
rPois    .         Spirit   +   d - +1 helmet {SInv}
rElec    +         Reflect  .   Z - scarf {Spirit}
rCorr    .         Harm     .   w - +0 pair of gloves {Str+3}
MR       ++...                  O - +2 pair of boots {Fly}
Stlth    ++++......             R - amulet of regeneration
HPRegen  0.67/turn              j - +3 ring of protection
MPRegen  0.21/turn              p - +4 ring of intelligence

@: flying, drained
A: change form in water, swift swim, stealthy swim
a: Renounce Religion, Stop Flying


You were on level 1 of the Orcish Mines.
You worshipped Okawaru.
Okawaru was demanding penance.
You were not hungry.

You visited 5 branches of the dungeon, and saw 21 of its levels.

You collected 1435 gold pieces.

Inventory:

Hand Weapons
 a - the +4 bardiche "Lelemaen" (weapon) {chop, rC+ MR+ Str+3 SInv}
   (Okawaru gifted it to you on level 5 of the Lair of Beasts)

   It inflicts extra damage upon your enemies.
   It affects your strength (+3).
   It protects you from cold.
   It affects your resistance to hostile enchantments.
   It lets you see invisible.
 m - a +0 hand axe of chopping
 r - a cursed -1 long sword
 t - a +2 dagger of draining
 u - a +2 halberd of venom
 z - a +5 spear
 U - a +2 dagger of venom
Missiles
 b - 2 exploding tomahawks (quivered)
 L - 2 throwing nets
Armour
 d - a +1 helmet of see invisible (worn)
 i - a +1 robe of cold resistance
 w - a +0 pair of gloves of strength (worn)
 D - the +1 robe "Weazxiur" (worn) {rElec rN+ Str+2 Dex+2}
   (You found it on level 7 of the Dungeon)

   It affects your strength (+2).
   It affects your dexterity (+2).
   It insulates you from electricity.
   It protects you from negative energy.
 M - a +0 shield
 O - a +2 pair of boots of flying (worn)
 Q - a +2 ring mail of poison resistance
 V - a +2 robe of magic resistance
 Z - a scarf of spirit shield (worn)
Jewellery
 f - an uncursed ring of wizardry
 j - a +3 ring of protection (left hand)
 p - a +4 ring of intelligence (right hand)
 R - an amulet of regeneration (around neck)
Wands
 e - a wand of scattershot (3)
 h - a wand of flame (25)
 v - a wand of digging (7)
 x - a wand of paralysis (9)
 I - a wand of acid (4)
 X - a wand of disintegration (5)
 Y - a wand of iceblast (24)
Scrolls
 n - 2 scrolls of summoning {unknown}
 o - 2 scrolls of fog {unknown}
 q - 6 scrolls of teleportation {unknown}
 s - a scroll of immolation {unknown}
 y - 2 scrolls of silence {unknown}
 A - 3 scrolls of blinking {unknown}
 B - 3 scrolls of enchant armour {unknown}
 H - a scroll of vulnerability {unknown}
 J - 2 scrolls of random uselessness {unknown}
 K - 3 scrolls of noise {unknown}
 N - 4 scrolls of magic mapping {unknown}
 P - a scroll of brand weapon {unknown}
 S - 6 scrolls of enchant weapon {unknown}
Potions
 k - 4 potions of curing
 l - a potion of mutation {unknown}
 E - 4 potions of might
 F - a potion of agility
 G - a potion of flight {unknown}
 T - a potion of berserk rage
Miscellaneous
 g - a fan of gales (inert)
 W - a phial of floods (inert)
Comestibles
 c - 21 rations
 C - 10 chunks of flesh


   Skills:
 + Level 8.2(8.0) Fighting
 + Level 16.6(16.3) Polearms
 + Level 10.4(10.1) Dodging
 + Level 6.9(6.7) Stealth
 + Level 1.4(1.3) Shields
 + Level 11.0(10.8) Spellcasting
 + Level 2.5(2.3) Conjurations
 + Level 0.4(0.2) Hexes
 + Level 4.6(4.4) Charms
 + Level 5.4(5.2) Summonings
 + Level 0.8(0.6) Translocations
 + Level 11.7(11.5) Ice Magic
 + Level 1.2(1.0) Invocations
 + Level 2.0(1.9) Evocations


You had 7 spell levels left.
You knew the following spells:

 Your Spells              Type           Power        Failure   Level  Hunger
a - Freeze                Ice            ####         1%          1    None
b - Throw Frost           Conj/Ice       ####..       1%          2    None
c - Ozocubu's Armour      Chrm/Ice       #####...     1%          3    None
d - Blink                 Tloc           N/A          9%          2    None
e - Throw Icicle          Conj/Ice       ####....     4%          4    ##.....
f - Summon Ice Beast      Ice/Summ       #####...     2%          4    ##.....
g - Metabolic Englaciati  Hex/Ice        ####......   19%         5    #####..
h - Dazzling Spray        Conj/Hex       ##....       13%         3    None
i - Fulminant Prism       Conj/Hex       ##........   38%         4    ##.....


Dungeon Overview and Level Annotations

Branches:
Dungeon (11/15)            Temple (1/1) D:5            Lair (6/6) D:9
  Swamp (0/4) Lair:2       Spider (0/4) Lair:2        Slime (1/5) Lair:6
    Orc (2/2) D:9             Elf (0/3) Orc:2

Altars:
Ashenzari
Cheibriados
Dithmenos
Elyvilon
Fedhas
Gozag
Hepliaklqana
Kikubaaqudgha
Makhleb
Nemelex Xobeh
Okawaru
Qazlal
Ru
Sif Muna
Trog
Uskayaw
Vehumet
Wu Jian
Xom
Yredelemnul
Zin
The Shining One

Shops:
D:5 (:   Orc:2 [*:

Annotations:
D:7 1 exclusion
D:10 Fannar
D:11 xccam's ghost, journeyman MiFi
Orc:1 Maurice


Message History

Your ice beast hits the orc warlord but does no damage.
The orc sorcerer points at you and mumbles some strange words.
The bolt of fire hits the sun demon.
The sun demon completely resists.
The bolt of fire hits you!
A magic dart appears from out of your range of vision.
The magic dart hits your ice beast.
There is a stone staircase leading down here.
Evoke which item? (* to show all) (? for menu, Esc to quit)
Aiming: Iceblast
Press: ? - help, Shift-Dir - straight line The mass of ice explodes!
The iceblast engulfs the sun demon.
The sun demon is frozen!
The sun demon is moderately wounded.
The iceblast engulfs the orc.
The orc is almost dead.
Your ice beast hits the orc warlord but does no damage.
The sun demon hits you!!
* * * LOW HITPOINT WARNING * * *
You are engulfed in flames!!
You die...

#.......##
####.......##
###...........##
##..............##
##...[............##
##....)............#.
#....)....##.......#.
##.[......###........
#..@......#........#
#...3o.).##.........
###...)..).........#
#.##))..........##
####ooY.).)...###
#.....))..## #
##........# ##
#...).....## #.
#..........######


You could see an orc warlord, a sun demon, an orc sorcerer, an orc and a
friendly ice beast.

Vanquished Creatures
  The ghost of Pad the Destroyer, a journeyman DrCj of Vehumet (Lair:5)
  Harold (Orc:1)
  A hydra (Lair:6)
  The ghost of AdmiralAndromeda the Carver, a journeyman FoFi of Ru (D:8)
  A catoblepas (Lair:6)
  2 two-headed ogres (D:9)
  Nergalle (Orc:1)
  An orc high priest (Orc:2)
  An unseen horror (D:10)
  3 lindwurms (Lair:6)
  2 oklob plants (Lair:5)
  2 orc sorcerers (Orc:2)
  Pikel (D:7)
  A manticore (Lair:6)
  2 cyclopes
  13 elephants
  Psyche (D:9)
  A torpor snail (Lair:6)
  4 black mambas
  Joseph (D:7)
  5 spiny frogs
  A komodo dragon (Lair:3)
  3 jumping spiders (Lair:2)
  3 trolls
  13 blink frogs
  A slime creature (Slime:1)
  10 hippogriffs
  A redback (Lair:2)
  12 yaks
  A basilisk (Lair:6)
  A hungry ghost (D:9)
  2 wargs (Orc:2)
  3 swamp worms (Lair:2)
  7 porcupines
  11 water moccasins
  5 black bears
  15 orc warriors
  A slave (D:7)
  2 ice beasts
  10 ogres
  4 phantoms
  2 centaurs
  9 wolves
  7 crocodiles
  11 bullfrogs
  3 big kobolds
  A gnoll sergeant (Orc:1)
  7 scorpions
  A troll zombie (D:9)
  A killer bee (D:8)
  5 wights
  A howler monkey (D:4)
  An electric eel (Lair:2)
  2 crimson imps
  A jelly (D:5)
  2 centaur skeletons
  6 orc priests
  A bullfrog skeleton (D:8)
  2 hounds
  Terence (D:3)
  An iguana (D:5)
  14 orc wizards
  5 worker ants
  7 ogre zombies (D:9)
  A hound skeleton (D:9)
  A howler monkey zombie (D:8)
  A worker ant zombie (D:6)
  7 gnolls
  11 adders
  A shadow imp (D:8)
  An adder skeleton (D:4)
  An adder zombie (D:8)
  A worm (D:3)
  A dart slug (D:2)
  4 leopard geckos
  22 orcs
  5 giant cockroaches
  12 goblins
  13 hobgoblins
  7 jackals
  4 quokkas
  A ball python (D:1)
  10 bats
  6 frilled lizards
  4 goblin zombies (D:9)
  2 hobgoblin skeletons (D:9)
  2 hobgoblin zombies (D:9)
  17 kobolds
  2 orc skeletons (D:9)
  14 orc zombies (D:9)
  A quokka skeleton (D:7)
  8 rats
  A fungus (Lair:6)
  A plant (Lair:6)
405 creatures vanquished.

Vanquished Creatures (collateral kills)
  An acid blob (Slime:1)
  Gastronok (Lair:1)
  An ettin (Orc:1)
  5 hydras
  A catoblepas (Lair:6)
  An orc high priest (Orc:2)
  3 oklob plants
  A manticore (Lair:6)
  An elephant (Lair:6)
  3 orc sorcerers
  2 black mambas (Lair:6)
  A spiny frog (Lair:4)
  2 rime drakes (Lair:6)
  2 komodo dragons
  A polar bear (Lair:3)
  A slime creature (Slime:1)
  5 blink frogs
  5 dream sheep (Lair:5)
  2 hippogriffs
  9 yaks
  3 swamp worms (Lair:2)
  2 water moccasins
  4 orc warriors (Orc:2)
  2 ogres (Orc:1)
  4 wolves
  2 crocodiles
  An orc priest (Orc:2)
  2 orc wizards
  A gnoll (Orc:1)
  4 orcs (Orc:1)
  A fungus (Orc:2)
  A plant (Lair:6)
75 creatures vanquished.

Vanquished Creatures (others)
  2 slaves (D:7)
  A wight (D:7)
  An orc (D:7)
  8 fulminant prisms
  42 fungi
  17 plants
71 creatures vanquished.

Grand Total: 551 creatures vanquished

Notes
Turn   | Place    | Note
-------+----------+-------------------------------------------
     0 | D:1      | Supreme the Merfolk Ice Elementalist began the quest for the Orb.
     0 | D:1      | Reached XP level 1. HP: 13/13 MP: 3/3
   110 | D:1      | Found a glowing golden altar of the Shining One.
   224 | D:1      | Reached XP level 2. HP: 16/19 MP: 1/5
   228 | D:1      | Learned a level 2 spell: Throw Frost
   616 | D:1      | Reached XP level 3. HP: 24/24 MP: 0/6
   967 | D:2      | Reached XP level 4. HP: 4/30 MP: 0/8
  1121 | D:2      | Learned a level 3 spell: Ozocubu's Armour
  1344 | D:2      | Reached skill level 1 in Polearms
  1706 | D:3      | Reached XP level 5. HP: 11/35 MP: 0/10
  2087 | D:3      | HP: 1/35 [something (6)]
  2188 | D:4      | Noticed a hungry ghost
  2192 | D:3      | Noticed Terence
  2266 | D:3      | Killed Terence
  2266 | D:3      | Reached skill level 1 in Conjurations
  2362 | D:5      | Entered Level 5 of the Dungeon
  2554 | D:4      | Reached XP level 6. HP: 28/42 MP: 12/12
  2824 | D:4      | Reached skill level 2 in Polearms
  2927 | D:4      | Reached skill level 5 in Ice Magic
  3095 | D:5      | Found Mifevie's Book Shop.
  3216 | D:5      | Reached XP level 7. HP: 47/47 MP: 9/13
  3505 | D:6      | Found a bloodstained altar of Trog.
  3524 | D:6      | Reached skill level 3 in Polearms
  3525 | D:6      | Found an ornate altar of the Wu Jian Council.
  3566 | D:5      | Found a staircase to the Ecumenical Temple.
  3575 | Temple   | Entered the Ecumenical Temple
  3654 | D:5      | Reached skill level 1 in Fighting
  3684 | D:5      | Found Qastov's Antique Weapon Shoppe.
  3841 | D:5      | Found an iron altar of Okawaru.
  3860 | D:5      | Became a worshipper of Warmaster Okawaru
  4073 | D:8      | Noticed AdmiralAndromeda's ghost (journeyman FoFi)
  4153 | D:6      | Learned a level 2 spell: Blink
  4427 | D:6      | Reached skill level 5 in Spellcasting
  4584 | D:6      | Reached skill level 4 in Polearms
  4584 | D:6      | Reached XP level 8. HP: 23/54 MP: 5/15
  5086 | D:7      | Reached * piety under Okawaru
  5303 | D:8      | Found a hazy altar of Hepliaklqana.
  5333 | D:8      | Reached skill level 1 in Shields
  5439 | D:7      | Reached skill level 5 in Polearms
  5465 | D:7      | Noticed a hippogriff
  5493 | D:7      | Killed a hippogriff
  5539 | D:8      | Reached skill level 5 in Dodging
  5539 | D:8      | Reached skill level 1 in Charms
  5599 | D:6      | Reached XP level 9. HP: 61/61 MP: 7/18
  5819 | D:7      | Got a smoking robe
  5862 | D:7      | Noticed Pikel
  6107 | D:7      | Reached skill level 6 in Polearms
  6141 | D:7      | Identified the +1 robe "Weazxiur" {rElec rN+ Str+2 Dex+2} (You found it on level 7 of the Dungeon)
  6338 | D:7      | Killed Pikel
  6338 | D:7      | Reached ** piety under Okawaru
  6338 | D:7      | Reached skill level 7 in Polearms
  6348 | D:7      | Noticed Joseph
  6501 | D:7      | Killed Joseph
  6501 | D:7      | Reached skill level 8 in Polearms
  7016 | D:8      | Reached *** piety under Okawaru
  7151 | D:9      | Found a staircase to the Lair.
  7158 | D:9      | Reached XP level 10. HP: 42/70 MP: 4/20
  7167 | D:9      | Noticed a two-headed ogre
  7177 | D:9      | Reached skill level 9 in Polearms
  7258 | D:8      | Reached **** piety under Okawaru
  7489 | D:8      | Killed AdmiralAndromeda's ghost
  7603 | D:9      | Found a staircase to the Orcish Mines.
  7687 | D:9      | Reached skill level 10 in Polearms
  7763 | D:9      | Found a blossoming altar of Fedhas.
  7775 | D:9      | Found a snail-covered altar of Cheibriados.
  7791 | D:10     | Entered Level 10 of the Dungeon
  7803 | D:9      | Found a hide-covered altar of Uskayaw.
  7806 | D:9      | Found an iron altar of Okawaru.
  7819 | D:9      | Reached ***** piety under Okawaru
  7822 | D:9      | Found a shadowy altar of Dithmenos.
  7882 | D:9      | Noticed Psyche
  7889 | D:9      | Killed Psyche
  7889 | D:9      | Reached skill level 5 in Stealth
  7955 | D:9      | Noticed a two-headed ogre
  7994 | D:9      | Killed a two-headed ogre
  7996 | D:9      | Reached skill level 11 in Polearms
  8014 | D:9      | Killed a two-headed ogre
  8014 | D:9      | Received a gift from Okawaru
  8014 | D:9      | Reached skill level 5 in Fighting
  8014 | D:9      | Reached skill level 1 in Evocations
  8014 | D:9      | Reached XP level 11. HP: 38/79 MP: 8/22
  8015 | D:9      | Got an ancient glaive {god gift}
  8016 | D:9      | Identified the +2 glaive of Integrity {freeze, *Corrode rPois Str+3 Dex+2} (Okawaru gifted it to you on level 9 of the Dungeon)
  8572 | D:10     | Noticed Fannar
  8690 | D:11     | Noticed xccam's ghost (journeyman MiFi)
  8764 | D:10     | Killed an unseen horror
  8764 | D:10     | Reached skill level 12 in Polearms
  9092 | Lair:1   | Entered Level 1 of the Lair of Beasts
  9132 | Lair:1   | Got a smoking glaive
  9142 | Lair:1   | Received a gift from Okawaru
  9187 | Lair:1   | Found a radiant altar of Vehumet.
  9187 | Lair:1   | Noticed an oklob plant
  9289 | Lair:1   | Noticed Gastronok
  9501 | Lair:1   | Got an encrusted flail
  9619 | Lair:1   | Identified the +3 flail of Supreme's Misery {crush, *Rage rPois rC+ Dex+2} (You found it on level 1 of the Lair of Beasts)
  9620 | Lair:1   | Identified the +2 glaive "Impbane" {chop, Str+3 SInv} (You found it on level 1 of the Lair of Beasts)
 10052 | Lair:1   | Learned a level 4 spell: Throw Icicle
 10057 | Lair:1   | Learned a level 4 spell: Summon Ice Beast
 10311 | Lair:2   | Reached XP level 12. HP: 84/89 MP: 5/24
 10403 | Lair:2   | Found a hole to the Spider Nest.
 10428 | Lair:2   | Reached skill level 13 in Polearms
 10430 | Lair:2   | HP: 6/133 [jumping spider (8)]
 10663 | Lair:2   | Found a staircase to the Swamp.
 11170 | Lair:4   | Received a gift from Okawaru
 11248 | Lair:3   | Noticed an eight-headed hydra
 11253 | Lair:3   | Killed an eight-headed hydra
 11253 | Lair:3   | Reached skill level 14 in Polearms
 11253 | Lair:3   | Reached skill level 1 in Summonings
 11367 | Lair:4   | Noticed a six-headed hydra
 11440 | Lair:3   | Reached skill level 10 in Ice Magic
 11815 | Lair:4   | Reached ****** piety under Okawaru
 11844 | Lair:6   | Entered Level 6 of the Lair of Beasts
 11844 | Lair:6   | Noticed a catoblepas
 11860 | Lair:5   | Noticed Pad's ghost (journeyman DrCj)
 12072 | Lair:5   | Noticed a four-headed hydra
 12110 | Lair:4   | Killed a four-headed hydra
 12114 | Lair:4   | Reached XP level 13. HP: 59/96 MP: 2/26
 12365 | Lair:5   | Received a gift from Okawaru
 12631 | Lair:6   | Found a staircase to the Slime Pits.
 12680 | Lair:6   | Reached skill level 15 in Polearms
 12680 | Lair:6   | Reached skill level 10 in Spellcasting
 13071 | Lair:4   | Reached skill level 10 in Dodging
 13276 | Lair:1   | Learned a level 5 spell: Metabolic Englaciation
 13335 | Lair:1   | Killed Gastronok
 13769 | Lair:6   | Received a gift from Okawaru
 13863 | Lair:6   | Got a twisted falchion
 13867 | Lair:6   | Identified the +5 falchion "Enaet" {drain, rF+ Str-2 Int+5 Dex+5} (You found it on level 6 of the Lair of Beasts)
 14507 | Lair:6   | Got a shimmering long sword
 14508 | Lair:6   | Identified the +8 long sword of Dexor {venom, +Fly MP+9 Str+8 Stlth-} (You found it on level 6 of the Lair of Beasts)
 14809 | Slime:1  | Entered Level 1 of the Pits of Slime
 14811 | Slime:1  | Noticed an acid blob
 14819 | Slime:1  | Killed an acid blob
 15008 | Lair:1   | Learned a level 3 spell: Dazzling Spray
 15013 | Lair:1   | Learned a level 4 spell: Fulminant Prism
 15366 | Lair:5   | Killed Pad's ghost
 15366 | Lair:5   | Received a gift from Okawaru
 15366 | Lair:5   | Reached skill level 5 in Summonings
 15366 | Lair:5   | Reached XP level 14. HP: 104/104 MP: 4/28
 15367 | Lair:5   | Got a fine bardiche {god gift}
 15368 | Lair:5   | Identified the +4 bardiche "Lelemaen" {chop, rC+ MR+ Str+3 SInv} (Okawaru gifted it to you on level 5 of the Lair of Beasts)
 15595 | Lair:5   | Reached skill level 1 in Invocations
 15875 | Orc:1    | Entered Level 1 of the Orcish Mines
 15884 | Orc:1    | Noticed Nergalle
 15913 | Orc:1    | Killed Nergalle
 15938 | Orc:1    | Reached skill level 16 in Polearms
 15991 | Orc:2    | Entered Level 2 of the Orcish Mines
 16033 | Orc:2    | Found Utaff's Book Boutique.
 16216 | Orc:2    | Found Duny's General Store.
 16336 | Orc:2    | Found Ytaikhloe's Antique Armour Shop.
 16395 | Orc:2    | Found a staircase to the Elven Halls.
 16402 | Orc:2    | Was placed under penance by Okawaru
 16429 | Orc:2    | Noticed an orc warlord
 16745 | Orc:1    | Noticed Maurice
 16780 | Orc:1    | Noticed Harold
 16798 | Orc:1    | Killed Harold
 16970 | Orc:1    | Noticed an orc warlord
 16979 | Orc:1    | Slain by a sun demon

Skill      XL: |  1  2  3  4  5  6  7  8  9 10 11 12 13 14 |
---------------+-------------------------------------------+-----
Dodging        | 3 5 6 7 9 10 | 10.4
Ice Magic      | 4 5 6 7 8 9 10 11 | 11.7
Spellcasting   | 3 4 5 6 7 8 9 10 11 | 11.0
Polearms       | 1 2 4 5 8 11 12 14 15 16 | 16.6
Conjurations   | 1 2 |  2.5
Stealth        | 3 4 5 6 |  6.9
Fighting       | 1 2 3 5 6 7 8 |  8.2
Shields        | 1 |  1.4
Charms         | 1 2 3 4 |  4.6
Evocations     | 1 2 |  2.0
Summonings     | 2 5 |  5.4
Invocations    | 1 |  1.2
Hexes          | |  0.4
Translocations | |  0.8

Action                   |  1- 3 |  4- 6 |  7- 9 | 10-12 | 13-15 || total
-------------------------+-------+-------+-------+-------+-------++-------
Melee: Unarmed           |     2 |       |       |       |       ||     2
       Spear             |    32 |    78 |   321 |       |       ||   431
       Halberd           |       |       |   137 |   150 |       ||   287
       Glaive            |       |       |       |   471 |   240 ||   711
       Tailslap          |       |       |       |     4 |       ||     4
       Bardiche          |       |       |       |       |   135 ||   135
Throw: Tomahawk          |       |       |     6 |     4 |     2 ||    12
       Throwing net      |       |       |       |     2 |     1 ||     3
       Javelin           |       |       |       |     2 |       ||     2
 Cast: Freeze            |    53 |    69 |    64 |    55 |       ||   241
       Throw Frost       |       |    24 |    42 |    13 |     1 ||    80
       Ozocubu's Armour  |       |       |    19 |    29 |    27 ||    75
       Blink             |       |       |     4 |     2 |     6 ||    12
       Summon Ice Beast  |       |       |       |    43 |   122 ||   165
       Throw Icicle      |       |       |       |     9 |       ||     9
       Fulminant Prism   |       |       |       |       |     8 ||     8
       Metabolic Englaci |       |       |       |       |     2 ||     2
       Dazzling Spray    |       |       |       |       |     3 ||     3
Invok: Heroism           |       |       |       |     1 |     2 ||     3
       Finesse           |       |       |       |       |     1 ||     1
 Abil: Stop Flying       |       |       |       |     1 |     1 ||     2
       Evoke Flight      |       |       |       |       |     2 ||     2
Evoke: Wand              |       |       |     5 |     8 |    17 ||    30
       Phial of floods   |       |       |       |       |     1 ||     1
       Sack of spiders   |       |       |       |       |     1 ||     1
       Fan of gales      |       |       |       |       |     1 ||     1
  Use: Potion            |     1 |     1 |       |     4 |     3 ||     9
       Scroll            |       |       |     4 |     8 |     2 ||    14
 Stab: Sleeping          |     2 |     3 |    11 |    11 |     5 ||    32
       Distracted        |       |       |     1 |     5 |    12 ||    18
       Paralysed         |       |       |       |       |     2 ||     2
  Eat: Chunk             |     1 |     9 |    11 |    22 |    19 ||    62
       Ration            |       |       |     1 |       |     2 ||     3
Armor: Robe              |     9 |    29 |   138 |   176 |    95 ||   447
       Skin              |       |       |       |    31 |       ||    31
Dodge: Dodged            |    44 |    85 |   270 |   583 |   327 ||  1309
Block: Buckler           |     3 |    16 |    41 |       |       ||    60
